MWL (24 & UNDER)
MINNESOTA DEATH STARS @ MANHATTEN MEATHEADS
06/18/2024
 
TOP OF THE 1ST
Minnesota Death Stars batting - Pitching for Manhatten Meatheads : RHP Rodney Hall
Pitching: RHP Rodney Hall
Batting: SHB Boys van der Lack 0-0: Called Strike
0-1: Ball
1-1: Ball
2-1: Ball
3-1: Base on Balls
Batting: RHB Peter Dixon 0-0: Ball
1-0: Called Strike
1-1: Swinging Strike
1-2: Ball
2-2: Ball
3-2: Strikes out swinging
Batting: LHB Chris Loudermilk 0-0: Ball
1-0: SINGLE (Groundball, 34D)
Boys van der Lack to second
Runner from 2nd tries for 3rd, SAFE, no throw or cutoff
Batting: RHB Herb Ashley 0-0: Called Strike
0-1: Called Strike
0-2: Strikes out swinging
Batting: RHB Jorge Martínez 0-0: Fly out, F9 (Flyball, 9M)
Top of the 1st over - 0 run(s), 1 hit(s), 0 error(s), 2 left on base; Minnesota 0 - Manhatten 0
BOTTOM OF THE 1ST
Manhatten Meatheads batting - Pitching for Minnesota Death Stars : RHP Júlio Ruíz
Pitching: RHP Júlio Ruíz
Batting: SHB Will Evans 0-0: Foul Ball, location: 2F
0-1: Ball
1-1: Ball
2-1: SINGLE (Line Drive, 78S)
Batting: RHB Alfredo Díaz 0-0: Ball
1-0: Swinging Strike
1-1: Ball
2-1: Ball
3-1: Foul Ball, location: 2F
3-2: Base on Balls
Will Evans to second
Batting: RHB Claudio Gonzáles 0-0: Ball
1-0: Ball
2-0: SINGLE (Groundball, 4MS)
Will Evans to third
Alfredo Díaz to second
Batting: RHB Júlio Galló 0-0: Fly out, F4 (Line Drive, 4)
0-0: Lined into DP, 4-6 (Line Drive, 4)
Batting: RHB Greg Lee 0-0: Ball
1-0: Called Strike
1-1: Fly out, F6 (Line Drive, 6)
Bottom of the 1st over - 0 run(s), 2 hit(s), 0 error(s), 2 left on base; Minnesota 0 - Manhatten 0
TOP OF THE 2ND
Minnesota Death Stars batting - Pitching for Manhatten Meatheads : RHP Rodney Hall
Batting: LHB Sixto Cortés 0-0: Called Strike
0-1: Foul Ball, location: 2F
0-2: Ball
1-2: Strikes out swinging
Batting: LHB Lucas Coleman 0-0: Fly out, F7 (Flyball, 7LM)
Batting: RHB John Brown 0-0: Ball
1-0: Called Strike
1-1: SINGLE (Line Drive, 7S)
Batting: RHB Gabriel Ángel 0-0: SINGLE (Line Drive, 34)
John Brown to second
Batting: SHB Boys van der Lack 0-0: Ball
1-0: Foul Ball, location: 2F
1-1: Fly out, F7 (Flyball, 7M)
Top of the 2nd over - 0 run(s), 2 hit(s), 0 error(s), 2 left on base; Minnesota 0 - Manhatten 0
BOTTOM OF THE 2ND
Manhatten Meatheads batting - Pitching for Minnesota Death Stars : RHP Júlio Ruíz
Batting: SHB Kent Phillips 0-0: Foul Ball, location: 2F
0-1: Called Strike
0-2: Fly out, F7 (Flyball, 7M)
Batting: SHB José Sousa 0-0: Called Strike
0-1: Ground out 4-3 (Groundball, 4)
Batting: RHB Ramón Ybarra 0-0: Swinging Strike
0-1: Called Strike
0-2: Foul Ball, location: 2F
0-2: Strikes out looking
Bottom of the 2nd over - 0 run(s), 0 hit(s), 0 error(s), 0 left on base; Minnesota 0 - Manhatten 0
TOP OF THE 3RD
Minnesota Death Stars batting - Pitching for Manhatten Meatheads : RHP Rodney Hall
Batting: RHB Peter Dixon 0-0: Ball
1-0: DOUBLE (Flyball, 78XD)
Batting: LHB Chris Loudermilk 0-0: Called Strike
0-1: Foul Ball, location: 2F
0-2: Ball
1-2: Foul Ball, location: 2F
1-2: Strikes out swinging
Batting: RHB Herb Ashley 0-0: Foul Ball, location: 2F
0-1: Foul Ball, location: 2F
0-2: SINGLE (Groundball, 56D)
Peter Dixon to third
Runner from 3rd tries for Home, SAFE, throw made home
Herb Ashley to second
Batting: RHB Jorge Martínez 0-0: Fly out, F7 (Flyball, 7M)
Batting: LHB Sixto Cortés 0-0: Ball
1-0: Ball
2-0: Ball
3-0: Called Strike
3-1: Base on Balls
Batting: LHB Lucas Coleman 0-0: Called Strike
0-1: SINGLE (Groundball, 56D)
Herb Ashley to third
Sixto Cortés to second
Runner from 3rd tries for Home, SAFE, no throw or cutoff
Batting: RHB John Brown 0-0: Ball
1-0: Fielders Choice at 2nd, 6-4 (Groundball, 56)
Top of the 3rd over - 2 run(s), 3 hit(s), 0 error(s), 1 left on base; Minnesota 2 - Manhatten 0
BOTTOM OF THE 3RD
Manhatten Meatheads batting - Pitching for Minnesota Death Stars : RHP Júlio Ruíz
Batting: RHB Mark McDonald 0-0: Foul Ball, location: 2F
0-1: Swinging Strike
0-2: Ball
1-2: Strikes out swinging
Batting: SHB Will Evans 0-0: Ball
1-0: SINGLE (Line Drive, 8LS)
Batting: RHB Alfredo Díaz 0-0: Swinging Strike
0-1: Called Strike
0-2: Ball
1-2: Foul Ball, location: 2F
1-2: Foul Ball, location: 2F
1-2: Ball
2-2: Foul Ball, location: 2F
2-2: Strikes out swinging
Batting: RHB Claudio Gonzáles 0-0: Called Strike
0-1: Ball
1-1: Swinging Strike
1-2: Ball
2-2: Strikes out looking
Bottom of the 3rd over - 0 run(s), 1 hit(s), 0 error(s), 1 left on base; Minnesota 2 - Manhatten 0
TOP OF THE 4TH
Minnesota Death Stars batting - Pitching for Manhatten Meatheads : RHP Rodney Hall
Batting: RHB Gabriel Ángel 0-0: Swinging Strike
0-1: Foul Ball, location: 2F
0-2: Ball
1-2: Ball
2-2: Strikes out swinging
Batting: SHB Boys van der Lack 0-0: Ball
1-0: Called Strike
1-1: Foul Ball, location: 2F
1-2: Foul Ball, location: 2F
1-2: Foul Ball, location: 2F
1-2: Strikes out looking
Batting: RHB Peter Dixon 0-0: Ball
1-0: Foul Ball, location: 2F
1-1: Called Strike
1-2: Strikes out swinging
Top of the 4th over - 0 run(s), 0 hit(s), 0 error(s), 0 left on base; Minnesota 2 - Manhatten 0
BOTTOM OF THE 4TH
Manhatten Meatheads batting - Pitching for Minnesota Death Stars : RHP Júlio Ruíz
Batting: RHB Júlio Galló 0-0: Foul Ball, location: 2F
0-1: Fly out, F7 (Flyball, 78D)
Batting: RHB Greg Lee 0-0: Ball
1-0: Ball
2-0: Foul Ball, location: 2F
2-1: Swinging Strike
2-2: Foul Ball, location: 2F
2-2: Ball
3-2: Foul Ball, location: 2F
3-2: Strikes out swinging
Batting: SHB Kent Phillips 0-0: Foul Ball, location: 2F
0-1: Foul Ball, location: 2F
0-2: Ball
1-2: Ball
2-2: DOUBLE (Flyball, 89M)
Batting: SHB José Sousa 0-0: Ball
1-0: Swinging Strike
1-1: Foul Ball, location: 2F
1-2: Strikes out looking
Bottom of the 4th over - 0 run(s), 1 hit(s), 0 error(s), 1 left on base; Minnesota 2 - Manhatten 0
TOP OF THE 5TH
Minnesota Death Stars batting - Pitching for Manhatten Meatheads : RHP Rodney Hall
Batting: LHB Chris Loudermilk 0-0: Ball
1-0: Ball
2-0: Ball
3-0: Base on Balls
Batting: RHB Herb Ashley 0-0: Ball
1-0: Ball
2-0: Grounds into double play, 1-6-3 (Groundball, 15S)
Batting: RHB Jorge Martínez 0-0: Fly out, F9 (Line Drive, 89S)
Top of the 5th over - 0 run(s), 0 hit(s), 0 error(s), 0 left on base; Minnesota 2 - Manhatten 0
BOTTOM OF THE 5TH
Manhatten Meatheads batting - Pitching for Minnesota Death Stars : RHP Júlio Ruíz
Batting: RHB Ramón Ybarra 0-0: Foul Ball, location: 2F
0-1: Reached on error, E4 (Groundball, 4M)
Batting: RHB Mark McDonald 0-0: Foul Ball, location: 2F
0-1: Ball
1-1: Ball
2-1: Swinging Strike
2-2: Ball
3-2: Strikes out looking
Batting: SHB Will Evans 0-0: Ball
1-0: Ground out 6-3 (Groundball, 56)
Batting: RHB Alfredo Díaz 0-0: Called Strike
0-1: Ball
1-1: Fly out, F9 (Popup, 9LS)
Bottom of the 5th over - 0 run(s), 0 hit(s), 1 error(s), 1 left on base; Minnesota 2 - Manhatten 0
TOP OF THE 6TH
Minnesota Death Stars batting - Pitching for Manhatten Meatheads : RHP Rodney Hall
Batting: LHB Sixto Cortés 0-0: Swinging Strike
0-1: Ball
1-1: Foul Ball, location: 2F
1-2: Ball
2-2: Strikes out swinging, 2-3 out at first.
Batting: LHB Lucas Coleman 0-0: Ball
1-0: Ball
2-0: Foul Ball, location: 2F
2-1: Called Strike
2-2: Strikes out swinging
Batting: RHB John Brown 0-0: Foul Ball, location: 2F
0-1: Foul Ball, location: 2F
0-2: Ball
1-2: Ball
2-2: Ball
3-2: Foul Ball, location: 2F
3-2: Base on Balls
Pitching: RHP Matt Johnston
Batting: RHB Gabriel Ángel 0-0: Ball
1-0: Foul Ball, location: 2F
1-1: Ball
2-1: Ball
3-1: Base on Balls
John Brown to second
Batting: SHB Boys van der Lack 0-0: Ball
1-0: Called Strike
1-1: Ball
2-1: SINGLE (Groundball, 56D)
John Brown to third
Gabriel Ángel to second
Runner from 3rd tries for Home, SAFE, throw made home
Gabriel Ángel to third
Boys van der Lack to second
Batting: RHB Peter Dixon 0-0: Foul Ball, location: 2F
0-1: Foul Ball, location: 2F
0-2: Strikes out swinging
Top of the 6th over - 1 run(s), 1 hit(s), 0 error(s), 2 left on base; Minnesota 3 - Manhatten 0
BOTTOM OF THE 6TH
Manhatten Meatheads batting - Pitching for Minnesota Death Stars : RHP Júlio Ruíz
Batting: RHB Claudio Gonzáles 0-0: Called Strike
0-1: Ball
1-1: Fly out, F9 (Line Drive, 89M)
Batting: RHB Júlio Galló 0-0: Called Strike
0-1: Called Strike
0-2: Ball
1-2: Strikes out swinging
Batting: RHB Greg Lee 0-0: Called Strike
0-1: Called Strike
0-2: Ball
1-2: Ground out 6-3 (Groundball, 6)
Bottom of the 6th over - 0 run(s), 0 hit(s), 0 error(s), 0 left on base; Minnesota 3 - Manhatten 0
TOP OF THE 7TH
Minnesota Death Stars batting - Pitching for Manhatten Meatheads : RHP Matt Johnston
Batting: LHB Chris Loudermilk 0-0: Called Strike
0-1: Swinging Strike
0-2: SINGLE (Line Drive, 78S)
Batting: RHB Herb Ashley 0-0: Called Strike
0-1: Called Strike
0-2: Ball
1-2: Fielders Choice at 2nd, 5-4 (Groundball, 5L)
Batting: RHB Jorge Martínez 0-0: Called Strike
0-1: Ball
1-1: Ball
2-1: Grounds into double play, 4-6-3 (Groundball, 4)
Top of the 7th over - 0 run(s), 1 hit(s), 0 error(s), 0 left on base; Minnesota 3 - Manhatten 0
BOTTOM OF THE 7TH
Manhatten Meatheads batting - Pitching for Minnesota Death Stars : RHP Júlio Ruíz
Pitching: RHP Howard Jewel
Batting: SHB Kent Phillips 0-0: Foul Ball, location: 2F
0-1: Called Strike
0-2: Ball
1-2: Fly out, F6 (Line Drive, 6M)
Batting: SHB José Sousa 0-0: Called Strike
0-1: Called Strike
0-2: Ball
1-2: Foul Ball, location: 2F
1-2: Strikes out looking
Batting: RHB Ramón Ybarra 0-0: Fly out, F7 (Flyball, 7LD)
Bottom of the 7th over - 0 run(s), 0 hit(s), 0 error(s), 0 left on base; Minnesota 3 - Manhatten 0
TOP OF THE 8TH
Minnesota Death Stars batting - Pitching for Manhatten Meatheads : RHP Matt Johnston
Batting: LHB Sixto Cortés 0-0: Ball
1-0: Ball
2-0: Ball
3-0: Base on Balls
Batting: LHB Lucas Coleman 0-0: Bunted foul
0-1: Bunted foul
0-2: Ball
1-2: Ball
2-2: Ball
3-2: Base on Balls
Sixto Cortés to second
Batting: RHB John Brown 0-0: Called Strike
0-1: Ball
1-1: Bunt missed!
1-2: Foul Ball, location: 2F
1-2: Foul Ball, location: 2F
1-2: Ball
2-2: Fly out, F9 (Line Drive, 9M)
Pitching: LHP Enrico Lozano
Batting: RHB Gabriel Ángel 0-0: Fly out, F9 (Flyball, 9S)
Batting: SHB Boys van der Lack 0-0: Swinging Strike
0-1: Ball
1-1: Swinging Strike
1-2: Strikes out swinging
Top of the 8th over - 0 run(s), 0 hit(s), 0 error(s), 2 left on base; Minnesota 3 - Manhatten 0
BOTTOM OF THE 8TH
Manhatten Meatheads batting - Pitching for Minnesota Death Stars : RHP Howard Jewel
Batting: RHB Mark McDonald 0-0: Foul Ball, location: 2F
0-1: Called Strike
0-2: Ball
1-2: Ball
2-2: Strikes out swinging
Batting: SHB Will Evans 0-0: Swinging Strike
0-1: Foul Ball, location: 2F
0-2: Ball
1-2: Strikes out swinging
Batting: RHB Alfredo Díaz 0-0: Ball
1-0: Foul Ball, location: 2F
1-1: Ball
2-1: Fly out, F2 (Popup, 2L)
Bottom of the 8th over - 0 run(s), 0 hit(s), 0 error(s), 0 left on base; Minnesota 3 - Manhatten 0
TOP OF THE 9TH
Minnesota Death Stars batting - Pitching for Manhatten Meatheads : LHP Enrico Lozano
Batting: RHB Peter Dixon 0-0: Ball
1-0: Ball
2-0: Foul Ball, location: 2F
2-1: Ball
3-1: Called Strike
3-2: Foul Ball, location: 2F
3-2: SINGLE (Groundball, 6M)
Batting: LHB Chris Loudermilk 0-0: Ball
1-0: Swinging Strike
1-1: Swinging Strike
1-2: Strikes out swinging
Pitching: RHP Sloan Numbers
Batting: RHB Herb Ashley 0-0: Ball
1-0: Ball
2-0: Called Strike
2-1: SINGLE (Line Drive, 7LS)
Peter Dixon to second
Batting: RHB Jorge Martínez 0-0: Ball
1-0: Called Strike
Peter Dixon steals 3rd base
Herb Ashley to second
1-1: Foul Ball, location: 2F
1-2: Foul Ball, location: 2F
1-2: Ball
2-2: Strikes out swinging
Batting: LHB Sixto Cortés 0-0: Fly out, F8 (Flyball, 8RM)
Top of the 9th over - 0 run(s), 2 hit(s), 0 error(s), 2 left on base; Minnesota 3 - Manhatten 0
BOTTOM OF THE 9TH
Manhatten Meatheads batting - Pitching for Minnesota Death Stars : RHP Howard Jewel
Pitching: RHP Gerardo García
Batting: RHB Claudio Gonzáles 0-0: Called Strike
0-1: Foul Ball, location: 2F
0-2: Ball
1-2: Strikes out looking
Batting: RHB Júlio Galló 0-0: Ground out 6-3 (Groundball, 6)
Batting: RHB Greg Lee 0-0: Foul Ball, location: 2F
0-1: Called Strike
0-2: Strikes out swinging
Bottom of the 9th over - 0 run(s), 0 hit(s), 0 error(s), 0 left on base; Minnesota 3 - Manhatten 0
This league is powered by Out of the Park Baseball, the baseball management simulation game for PC, Mac and Linux
Saturday, April 9th, 2016 - OOTP Baseball 16.8 Build 38